 Dungeon Crawl Stone Soup version 0.24.0-13-gcf9b319 (webtiles) character file.

Game seed: 4078992480780780989, levelgen mode: deterministic

8188 Balder the Basher (level 11, -3/94 HPs)
             Began as a Yellow Draconian Berserker on May 17, 2020.
             Was a Priest of Trog.
             Slain by an orc knight
             ... wielding a +0 long sword
              (13 damage)
             ... on level 10 of the Dungeon.
             The game lasted 00:58:03 (12042 turns).

Balder the Basher (Yellow Draconian Berserker)     Turns: 12042, Time: 00:58:03

Health: -3/94      AC: 11    Str: 20    XL:     11   Next: 6%
Magic:  11/11      EV: 16    Int:  7    God:    Trog [***...]
Gold:   625        SH:  0    Dex: 14    Spells: 10/10 levels left

rFire    + . .     SeeInvis .   a - +0 great mace
rCold    . . .     Gourm    .   (shield currently unavailable)
rNeg     + . .     Faith    .   (armour unavailable)
rPois    +         Spirit   .   (helmet restricted)
rElec    .         Reflect  .   T - +2 cloak {rPois}
rCorr    +         Harm     .   h - +0 pair of gloves
MR       ++...                  (no boots)
Stlth    +++.......             (no amulet)
HPRegen  1.25/turn              q - ring of positive energy
MPRegen  0.12/turn              G - ring of protection from fire

@: regenerating
A: spit acid, unfitting armour, cold-blooded, acid resistance, AC +7
a: Breathe Acid, Berserk, Trog's Hand, Renounce Religion


You were on level 10 of the Dungeon.
You worshipped Trog.
Trog was most pleased with you.
You were not hungry.

You visited 1 branch of the dungeon, and saw 10 of its levels.

You collected 625 gold pieces.

Inventory:

Hand Weapons
 a - a +0 great mace (weapon)
 b - the +8 hand crossbow of Qyax {elec, rElec MR++ Str-2}
   (You found it on level 8 of the Dungeon)

   It charges the ammunition it shoots with electricity; occasionally upon a
   hit, such missiles may discharge and cause terrible harm.
   It affects your strength (-2).
   It insulates you from electricity.
   It affects your resistance to hostile enchantments.
 J - a +4 vampiric whip
 R - a +2 vampiric long sword
 S - a +3 antimagic broad axe
 U - a +0 morningstar
Missiles
 u - 3 javelins
 w - 7 silver javelins
 x - 25 poisoned darts
 K - 11 boomerangs (quivered)
Armour
 h - a +0 pair of gloves (worn)
 p - a +0 cloak
 T - a +2 cloak of poison resistance (worn)
Jewellery
 g - an uncursed ring of positive energy
 q - a ring of positive energy (left hand)
 G - a ring of protection from fire (right hand)
 N - an uncursed ring of magical power
Wands
 A - a wand of scattershot (1)
 C - a wand of polymorph (9)
Scrolls
 m - 3 scrolls of teleportation
 r - 9 scrolls of remove curse
 B - a scroll of magic mapping
 D - 2 scrolls of acquirement {unknown}
 E - 2 scrolls of identify
 H - 5 scrolls of fog {unknown}
 I - a scroll of vulnerability {unknown}
 M - 2 scrolls of torment {unknown}
 O - a scroll of noise {unknown}
 Q - a scroll of enchant weapon {unknown}
Potions
 c - 3 potions of invisibility
 d - a potion of cancellation {unknown}
 f - a potion of heal wounds {unknown}
 i - a potion of resistance {unknown}
 j - a potion of magic {unknown}
 k - 4 potions of flight
 l - a potion of brilliance {unknown}
 n - 2 potions of haste
 o - a potion of degeneration {unknown}
 s - a potion of agility
 t - a potion of berserk rage {unknown}
 v - 3 potions of curing
 F - 2 potions of might {unknown}
Comestibles
 e - 18 rations


   Skills:
 * Level 7.9 Fighting
 * Level 4.3(8.2) Axes
 * Level 10.7(11.0) Maces & Flails
 * Level 6.0 Throwing
 * Level 7.0 Dodging
 * Level 5.2 Stealth


You had 10 spell levels left.
You didn't know any spells.
Your spell library was empty.

Dungeon Overview and Level Annotations

Branches:
Dungeon (10/15)            Temple (0/1) D:5
   Lair: D:8-11         Orc: D:9-12

Altars:
Hepliaklqana
Makhleb
Uskayaw
Vehumet
Wu Jian

Annotations:
D:8 3 runed translucent doors, Sinoran's ghost, novice GrFi; Sinoran's ghost, novice MiFi


Innate Abilities, Weirdness & Mutations

You can spit globs of acid.
Your golden yellow scales are hard. (AC +7)
You cannot fit into any form of body armour.
You are cold-blooded and may be slowed by cold attacks.
You are resistant to acid. (rCorr)


Message History

The orc warrior hits you from afar with a +0 glaive!
You bludgeon the orc!!
You kill the orc!
Trog accepts your kill. The orc warrior closely misses you.
Evoke which item? (* to show all) (? for menu, Esc to quit)
Aiming: Scattershot
Press: ? - help, Shift-Dir - straight line, f - orc knight
Aim: an orc knight, wielding a +0 arbalest and wearing a +0 plate armour The burst of metal fragments hits the orc priest!
The burst of metal fragments hits the orc knight but does no damage. x3
The orc priest is heavily wounded.
The orc warrior hits you from afar with a +0 glaive!
* * * LOW HITPOINT WARNING * * *
The orc priest mumbles some strange prayers to Beogh against you.
Beogh smites you!
* * * LOW HITPOINT WARNING * * *
The orc knight unwields a +0 arbalest.
The orc knight wields a +0 long sword.
The orc knight hits you with a +0 long sword!
You die... o

#####8)
...))o.
.......
####......#
#.oo......#
#o# #@#
##.# #.###
##.#.##
#.##.(#
##.#..)##
#.....
#.##....#
#.....
##.#.....#
#.....
#.##.######
#.....


You could see an orc knight, an orc warrior and an orc priest.

Vanquished Creatures
  A centaur warrior (D:10)
  2 two-headed ogres
  A hornet (D:9)
  3 trolls
  Prince Ribbit (D:5)
  Sigmund (D:2)
  A wraith (D:10)
  A wyvern (D:10)
  A hungry ghost (D:10)
  A water moccasin (D:9)
  2 ice beasts
  An orc warrior (D:9)
  A hornet zombie (D:9)
  A black bear (D:7)
  3 sky beasts
  5 ogres
  3 big kobolds (D:3)
  3 bullfrogs
  A wyvern skeleton (D:10)
  2 water moccasin skeletons (D:7)
  3 scorpions
  13 killer bees
  A wight (D:10)
  5 howler monkeys
  2 crimson imps
  2 bullfrog zombies
  2 centaur skeletons
  2 quasits
  A gnoll shaman (D:9)
  4 hounds
  2 jellies
  8 orc priests
  A bullfrog skeleton (D:10)
  Ijyb (D:4)
  6 worker ants
  Natasha (thrice) (D:4)
  An iguana (D:9)
  7 orc wizards
  A killer bee zombie (D:7)
  A hound skeleton (D:10)
  A worker ant zombie (D:7)
  6 adders
  15 gnolls
  An ooze (D:3)
  2 adder skeletons
  2 adder zombies
  3 worms
  3 dart slugs
  5 leopard geckos
  33 orcs
  3 ball pythons
  2 giant cockroaches
  37 goblins
  34 hobgoblins
  12 jackals
  3 quokkas
  7 bats
  6 frilled lizards
  19 kobolds
  A leopard gecko skeleton (D:6)
  6 rats
302 creatures vanquished.

Vanquished Creatures (collateral kills)
  An orc knight (D:10)
  A centaur (D:9)
  2 orc priests (D:9)
  A kobold (D:9)
5 creatures vanquished.

Vanquished Creatures (others)
  3 withered plants (D:8)
3 creatures vanquished.

Grand Total: 310 creatures vanquished

Notes
Turn   | Place    | Note
-------+----------+-------------------------------------------
     0 | D:1      | Balder the Draconian Berserker began the quest for the Orb.
     0 | D:1      | Reached XP level 1. HP: 19/19 MP: 1/1
   117 | D:1      | Reached XP level 2. HP: 18/26 MP: 2/2
   796 | D:2      | Reached XP level 3. HP: 31/31 MP: 3/3
  1014 | D:2      | Noticed Sigmund
  1036 | D:2      | Killed Sigmund
  1036 | D:2      | Reached skill level 4 in Maces & Flails
  1036 | D:2      | Reached skill level 1 in Throwing
  1036 | D:2      | Reached skill level 1 in Stealth
  1036 | D:2      | Reached XP level 4. HP: 38/40 MP: 4/4
  1036 | D:2      | Reached XP level 5. HP: 44/46 MP: 5/5
  1183 | D:2      | Reached ** piety under Trog
  2164 | D:3      | Reached skill level 5 in Maces & Flails
  2196 | D:3      | Reached XP level 6. HP: 48/52 MP: 6/6
  2311 | D:3      | Reached *** piety under Trog
  2470 | D:3      | Found a burning altar of Makhleb.
  3391 | D:3      | Your scales start taking on a golden yellow colour.
  3391 | D:3      | Reached XP level 7. HP: 39/60 MP: 7/7
  3391 | D:3      | Gained mutation: You are resistant to acid. (rCorr) [Yellow
                  | Draconian growth]
  3400 | D:3      | Reached skill level 6 in Maces & Flails
  3480 | D:3      | Received a gift from Trog
  3692 | D:4      | Noticed Natasha
  3697 | D:4      | Killed Natasha
  3967 | D:4      | Noticed Natasha
  3987 | D:4      | Killed Natasha
  3987 | D:4      | Reached skill level 5 in Fighting
  4017 | D:4      | Noticed Ijyb
  4028 | D:4      | Killed Ijyb
  4157 | D:4      | Noticed Natasha
  4166 | D:4      | Killed Natasha
  4302 | D:4      | Reached skill level 7 in Maces & Flails
  4302 | D:4      | Reached XP level 8. HP: 44/68 MP: 8/8
  4690 | D:5      | Entered Level 5 of the Dungeon
  4696 | D:5      | Found a staircase to the Ecumenical Temple.
  5307 | D:5      | Noticed Prince Ribbit
  5561 | D:5      | Killed Prince Ribbit
  5561 | D:5      | Reached skill level 8 in Maces & Flails
  5561 | D:5      | Reached skill level 5 in Dodging
  5921 | D:6      | Found an ornate altar of the Wu Jian Council.
  6333 | D:6      | Reached **** piety under Trog
  6590 | D:7      | Reached XP level 9. HP: 73/75 MP: 9/9
  6741 | D:7      | Reached skill level 1 in Axes
  7178 | D:7      | Found a hide-covered altar of Uskayaw.
  7178 | D:7      | Found a radiant altar of Vehumet.
  7695 | D:8      | Reached skill level 9 in Maces & Flails
  7928 | D:8      | Got a translucent hand crossbow
  7950 | D:8      | Identified the +8 hand crossbow of Qyax {elec, rElec MR++
                  | Str-2} (You found it on level 8 of the Dungeon)
  8174 | D:8      | Found a runed translucent gate.
  8175 | D:8      | Found a runed translucent gate.
  8176 | D:8      | Found a runed translucent gate.
  8178 | D:8      | Noticed Sinoran's ghost (novice MiFi)
  8179 | D:8      | Noticed Sinoran's ghost (novice GrFi)
  8642 | D:9      | Noticed a troll
  8650 | D:9      | Killed a troll
  8757 | D:9      | Found a hazy altar of Hepliaklqana.
  9238 | D:9      | Noticed a two-headed ogre
  9254 | D:9      | Killed a two-headed ogre
  9254 | D:9      | Reached skill level 5 in Throwing
  9254 | D:9      | Reached XP level 10. HP: 5/84 MP: 10/10
  9627 | D:9      | Paralysed by a hornet for 2 turns
  9637 | D:9      | Received a gift from Trog
  9871 | D:9      | Reached skill level 10 in Maces & Flails
 10637 | D:9      | Received a gift from Trog
 10922 | D:10     | Entered Level 10 of the Dungeon
 11276 | D:10     | Noticed a centaur warrior
 11487 | D:10     | Reached skill level 5 in Stealth
 11524 | D:10     | Noticed an orc knight
 11529 | D:10     | Noticed a two-headed ogre
 11545 | D:10     | Killed an orc knight
 11552 | D:10     | Killed a two-headed ogre
 11616 | D:10     | Killed a centaur warrior
 11616 | D:10     | Reached XP level 11. HP: 19/94 MP: 8/11
 12021 | D:10     | Received a gift from Trog
 12031 | D:10     | Noticed an orc knight
 12042 | D:10     | Slain by an orc knight

Levels and vault maps discovered:
D:1:      lightli_arrival_flooded_house, layout_rooms, solitary_fountain
D:2:      layout_loops_ring, uniq_sigmund
D:3:      minmay_goblin_kobold_castle, layout_rooms, minmay_misc_feat_hallway,
          makhleb_heckhound_becter
D:4:      layout_basic, uniq_ijyb, uniq_natasha
D:5:      layout_rooms, minmay_temple_entry_proselytizer, first_ration,
          chequers_mini_garden, uniq_prince_ribbit1
D:6:      layout_gridville, nicolae_overflow_crystal_walls
D:7:      layout_gridville, grunt_temple_overflow_open
D:8:      layout_loops_ring, gammafunk_ghost_cemetery
D:9:      kennysheep_housing_project, layout_basic, kennysheep_mini_moat
D:10:     minmay_the_grid_triangle_9x9_recursive_2_mashed
          [minmay_the_grid_triangle_9x9_prize_center,
          minmay_the_grid_triangle_9x9_warning,
          minmay_the_grid_triangle_9x9_negative_grid,
          minmay_the_grid_triangle_9x9_cache], layout_stronghold, david_orc_5,
          blue_anna_alchemist [blue_anna_fruit_fields, blue_anna_fruit_fields]

Skill      XL: |  1  2  3  4  5  6  7  8  9 10 11 |
---------------+----------------------------------+-----
Dodging        | 3 4 5 6 7 |  7.0
Maces & Flails | 4 5 7 8 9 10 | 10.7
Throwing       | 1 2 3 5 6 |  6.0
Stealth        | 1 2 3 4 5 |  5.2
Fighting       | 4 5 6 7 |  7.9
Axes           | 2 4 |  4.3

Action                   |  1- 3 |  4- 6 |  7- 9 | 10-12 || total
-------------------------+-------+-------+-------+-------++-------
Melee: Mace              |    96 |   156 |       |       ||   252
       Tailslap          |     9 |    24 |    56 |    43 ||   132
       Morningstar       |       |    73 |   375 |    67 ||   515
       Unarmed           |       |       |     4 |       ||     4
       Whip              |       |       |       |   166 ||   166
       Great mace        |       |       |       |    16 ||    16
Throw: Javelin           |       |     2 |     2 |       ||     4
       Boomerang         |       |       |   119 |    70 ||   189
Invok: Berserk           |     1 |     1 |       |     1 ||     3
       Trog's Hand       |       |     2 |     9 |     7 ||    18
       Brothers in Arms  |       |       |       |     2 ||     2
 Abil: Breathe Acid      |       |       |     6 |     3 ||     9
Evoke: Wand              |       |       |     3 |     5 ||     8
  Use: Scroll            |       |     4 |    11 |       ||    15
       Potion            |       |       |       |     3 ||     3
 Stab: Sleeping          |     1 |     2 |     3 |       ||     6
  Eat: Chunk             |       |    11 |    16 |    14 ||    41
       Ration            |       |       |     2 |     1 ||     3
Armor: Skin              |    30 |    92 |   133 |    51 ||   306
Dodge: Dodged            |    79 |   288 |   305 |   166 ||   838
